 Dungeon Crawl Stone Soup version 0.31-a0-1029-ge8c24b2130 (webtiles) character file.

Game seed: 8060932425491536266

1593639 MackTheKnife the Ninja (level 27, 184/184 HPs)
             Began as a Kobold Enchanter on Nov 17, 2023.
             Was an Elder of Wu Jian.
             Escaped with the Orb
             ... and 3 runes on Nov 18, 2023!
             The game lasted 02:59:56 (70660 turns).

MackTheKnife the Ninja (Kobold Enchanter)          Turns: 70660, Time: 02:59:56

Health: 184/184    AC: 16    Str: 10    XL:     27
Magic:  44/44      EV: 43    Int: 22    God:    Wu Jian [****..]
Gold:   912        SH: 22    Dex: 26    Spells: 12/42 levels left

rFire   + . .        a - +9 quick blade (chaos) {short}
rCold   + + +        k - +5 Storm Queen's Shield {shock, Fly rElec}
rNeg    . . .        P - +4 skin of Zhor {*Englaciate rC+++ SInv}
rPois   +            N - +0 helmet "Kiskyz" {rElec Dex+3}
rElec   +            M - +2 cloak
rCorr   .            T - +2 pair of gloves {hurl}
SInv    +            E - +2 pair of boots
Will    +++..        I - dreamshard necklace {Acrobat *Dream}
Stlth   ++++         s - ring of Ashenzari's Wrath {rPois rC+ Int+4}
HPRegen 0.50/turn    R - ring "Ihiet" {rF+ Will+ MP+9 SInv}
MPRegen 0.29/turn

%: acrobat, clarity
@: flying, studying Ice Magic
A: small, no large weapons, nightstalker 3, clarity
0: Orb of Zot
}: 3/15 runes: decaying, serpentine, silver
a: Renounce Religion, Wall Jump, Serpent's Lash


You escaped.
You worshipped Wu Jian.
Wu Jian was greatly pleased with you.
You visited 10 branches of the dungeon, and saw 48 of its levels.
You visited 1 bazaar.
You also visited: Ice Cave and Wizlab.

You collected 7575 gold pieces.
You spent 6663 gold pieces at shops.


Innate Abilities, Weirdness & Mutations

You are small and have problems with some larger weapons.
You are completely attuned to the shadows.
You possess an exceptional clarity of mind.


   Skills:
 - Level 22.0 Fighting
 - Level 14.0 Short Blades
 - Level 2.0 Armour
 + Level 26.7 Dodging
 O Level 27 Stealth
 - Level 18.2 Shields
 - Level 8.0 Spellcasting
 - Level 3.0 Conjurations
 - Level 12.7 Hexes
 - Level 3.0 Translocations
 - Level 2.0 Ice Magic
 - Level 3.0 Air Magic
 - Level 3.0 Poison Magic
 - Level 12.0 Evocations


You had 12 spell levels left.
You knew the following spells:

 Your Spells              Type           Power      Damage    Failure   Level
a - Ensorcelled Hibernat  Hex/Ice        82%        N/A       1%          2
b - Confusing Touch       Hex            59%        N/A       1%          3
c - Passwall              Tmut/Erth      6%         N/A       19%         2
d - Mephitic Cloud        Conj/Pois/Air  22%        N/A       11%         3
e - Summon Guardian Gole  Hex/Summ       36%        N/A       2%          3
f - Enfeeble              Hex            29%        N/A       52%         7
g - Cause Fear            Hex            29%        N/A       1%          4
h - Apportation           Tloc           44%        N/A       3%          1
i - Stone Arrow           Conj/Erth      30%        3d8       21%         3
j - Blink                 Tloc           44%        N/A       5%          2

Your spell library contained the following spells:

 Spells                   Type           Power      Damage    Failure   Level
 Jinxbite                 Hex            100%       N/A       1%          2
 Dazzling Flash           Conj/Hex       86%        N/A       1%          3
 Sigil of Binding         Hex            59%        N/A       1%          3
 Tukima's Dance           Hex            59%        N/A       1%          3
 Magic Dart               Conj           88%        1d7       3%          1
 Lesser Beckoning         Tloc           44%        N/A       5%          2
 Momentum Strike          Conj/Tloc      44%        3d9       5%          2
 Poisonous Vapours        Pois/Air       44%        N/A       5%          2
 Foxfire                  Conj/Fire      60%        2x1d7     7%          1
 Kiss of Death            Conj/Necr      60%        2d10      7%          1
 Sting                    Tmut/Pois      60%        1d6       7%          1
 Anguish                  Hex/Necr       18%        N/A       10%         4
 Gell's Gravitas          Tloc           22%        N/A       11%         3
 Teleport Other           Tloc           22%        N/A       11%         3
 Necrotise                Necr           32%        1d5       13%         1
 Sandblast                Erth           16%        2d6       13%         1
 Summon Small Mammal      Summ           32%        N/A       13%         1
 Silence                  Hex/Air        21%        N/A       14%         5
 Call Imp                 Summ           16%        N/A       19%         2
 Scorch                   Fire           16%        2d5       19%         2
 Sublimation of Blood     Necr           8%         N/A       19%         2
 Yara's Violent Unravell  Hex/Tmut       18%        3d9       26%         5
 Call Canine Familiar     Summ           8%         N/A       36%         3
 Manifold Assault         Tloc           22%        N/A       36%         4
 Olgreb's Toxic Radiance  Pois           22%        N/A       36%         4
 Brom's Barrelling Bould  Conj/Erth      15%        2d4       56%         4
 Flame Wave               Conj/Fire      15%        2d7       56%         4
 Iskenderun's Battlesphe  Conj           22%        2d8       71%         5
 Animate Armour           Summ/Erth      16%        N/A       77%         4
 Animate Dead             Necr           8%         N/A       77%         4
 Petrify                  Tmut/Erth      8%         N/A       77%         4
 Fireball                 Conj/Fire      7%         3d5       88%         5
 Irradiate                Conj/Tmut      7%         3d14      88%         5
 Borgnjor's Vile Clutch   Necr/Erth      4%         N/A       98%         5
 Conjure Ball Lightning   Conj/Air       11%        3x3d6     99%         6
 Death Channel            Necr           4%         N/A       100%        6
 Plasma Beam              Fire/Air       7%         2x1d18    100%        6
 Simulacrum               Ice/Necr       6%         N/A       100%        6
 Starburst                Conj/Fire      7%         6d4       100%        6
 Summon Cactus Giant      Summ           4%         N/A       100%        6
 Orb of Destruction       Conj           11%        9d6       100%        7
 Ozocubu's Refrigeration  Ice            8%         4d9       100%        7
 Disjunction              Tloc           11%        N/A       100%        8
 Lehudib's Crystal Spear  Conj/Erth      7%         10d3      100%        8
 Polar Vortex             Ice            8%         12d1*     100%        9

Inventory:

Hand Weapons
 a - a +9 quick blade of chaos (weapon) {short}
   (You acquired it on level 2 of the Snake Pit)
 b - the +8 arc blade {discharge, rElec}
   (You took it off a deep elf elementalist on level 3 of the Elven Halls)

   rElec:     It insulates you from electricity.
Armour
 k - the +5 Storm Queen's Shield (worn) {shock, Fly rElec}
   (You bought it in a shop on level 1 of the Vaults)

   Shock:     When it blocks an attack, it may electrocute the attacker.
   This works even against foes who are a short distance away.
   rElec:     It insulates you from electricity.
   Fly:       It grants you flight.
 E - a +2 pair of boots (worn)
   (You found it on level 6 of the Dungeon)
 M - a +2 cloak (worn)
   (You found it on level 1 of the Lair of Beasts)
 N - the +0 helmet "Kiskyz" (worn) {rElec Dex+3}
   (You bought it in a shop in a bazaar)

   Dex+3:     It affects your dexterity (+3).
   rElec:     It insulates you from electricity.
 P - the +4 skin of Zhor (worn) {*Englaciate rC+++ SInv}
   (You found it on level 3 of the Lair of Beasts)

   *Englaciate: It radiates cold, occasionally slowing all nearby creatures who
   are not resistant to cold.
   rC+++:     It renders you almost immune to cold.
   SInv:      It lets you see invisible.
 T - a +2 pair of gloves of hurling (worn)
   (You found it on level 5 of the Lair of Beasts)
 V - quicksilver dragon scales {rare}
   (You found it on level 5 of the Realm of Zot)
Jewellery
 i - an amulet of reflection
   (You found it on level 2 of the Dungeon)
 s - the ring of Ashenzari's Wrath (left hand) {rPois rC+ Int+4}
   (You acquired it on level 10 of the Dungeon)

   [ring of protection from cold]

   Int+4:     It affects your intelligence (+4).
   rC+:       It protects you from cold.
   rPois:     It protects you from poison
 I - the dreamshard necklace (around neck) {Acrobat *Dream}
   (You took it off a hell knight on level 3 of the Depths)

   [amulet of the acrobat]

   *Dream:    It absorbs a single lethal wound into itself, holding its wearer
   just short of death and releasing dream-creatures to guard them.
   Acrobat:   It increases your evasion while moving and waiting.
 R - the ring "Ihiet" (right hand) {rF+ Will+ MP+9 SInv}
   (You bought it in a shop on level 2 of the Orcish Mines)

   [ring of magical power]

   rF+:       It protects you from fire.
   Will+:     It increases your willpower.
   MP+9:      It affects your magic capacity (+9).
   SInv:      It lets you see invisible.
 U - the amulet "Imafux" {RegenMP rPois rC+ Dex+2}
   (You took it off a deep elf high priest on level 1 of the Elven Halls)

   [amulet of magic regeneration]

   RegenMP:   It increases your rate of magic regeneration.
   Dex+2:     It affects your dexterity (+2).
   rC+:       It protects you from cold.
   rPois:     It protects you from poison
Wands
 n - a wand of iceblast (46)
   (You found it on level 2 of the Dungeon)
 x - a wand of flame (96)
   (You took it off Blork the orc on level 4 of the Dungeon)
 B - a wand of charming (60)
   (You found it on level 1 of the Lair of Beasts)
 G - a wand of digging (30)
   (You found it on level 6 of the Dungeon)
 J - a wand of mindburst (42)
   (You found it on level 9 of the Dungeon)
 O - a wand of polymorph (24)
   (You took it off Maurice on level 10 of the Dungeon)
Scrolls
 d - 2 scrolls of blinking {!r}
 f - 2 scrolls of silence {!r}
 m - 3 scrolls of fog
 o - 5 scrolls of enchant armour
 u - 4 scrolls of teleportation {@r4}
 y - 8 scrolls of vulnerability {!r!r}
 C - a scroll of enchant weapon
 D - 9 scrolls of poison
 F - a scroll of revelation
 L - a scroll of butterflies
 Q - 5 scrolls of fear
 W - 3 scrolls of immolation {!r!r}
Potions
 e - 5 potions of resistance
 g - a potion of cancellation
 h - 7 potions of brilliance
 j - 7 potions of mutation {!q}
 p - 9 potions of curing {@q1}
 q - 6 potions of magic
 r - 8 potions of might
 A - 4 potions of enlightenment
Miscellaneous
 c - a phial of floods (inert)
   (You found it on level 11 of the Dungeon)
 t - a tin of tremorstones (2/2) {throwing}
   (You found it on level 5 of the Vaults)
 w - a box of beasts (inert)
   (You found it on level 9 of the Dungeon)
 K - a lightning rod (4/4)
   (You found it on level 15 of the Dungeon)

Dungeon Overview and Level Annotations

Branches:
Dungeon (15/15)            Temple (1/1) D:7            Lair (5/5) D:10
  Swamp (4/4) Lair:2        Snake (4/4) Lair:2        Slime (0/5) Lair:4
    Orc (2/2) D:10            Elf (3/3) Orc:2        Vaults (5/5) D:13
  Crypt (0/3) Vaults:2     Depths (4/4) D:15            Zot (5/5) Depths:4
  IceCv (visited)          WizLab (visited)

Altars:
Ashenzari
Cheibriados
Dithmenos
Elyvilon
Fedhas
Gozag
Hepliaklqana
Kikubaaqudgha
Makhleb
Nemelex Xobeh
Okawaru
Qazlal
Ru
Sif Muna
Trog
Uskayaw
Vehumet
Wu Jian
Xom
Yredelemnul
Zin
The Shining One
Jiyva

Shops:
D:1 =   D:5 [   Orc:2 :(=[   Elf:3 ==   Snake:2 *?   Snake:4 :?**
Vaults:1 :[[(   Depths:1 [[!*!

Portals:
Hell: Depths:1 Depths:3 Depths:4
Abyss: Depths:2 Depths:3 Depths:4
Pandemonium: Depths:1 Depths:2
Ziggurat: Depths:3

Annotations:
D:3 1 runed translucent door, exclusion: orc wizard, rocker's ghost, amateur DgGl
D:5 2 transporters, Gruesome's ghost, novice OpSh
D:6 1 runed translucent door, Crazy Yiuf; Maggie
D:12 1 runed translucent door, baljet's ghost, journeyman TrFi
D:13 4 transporters
Swamp:4 1 exclusion, Lernaean hydra
Snake:4 Vashnia
Elf:1 6 runed translucent doors, exclusion: 2 doors, Roxanne
Vaults:3 exclusion: 2 doors
Vaults:4 Boris
Depths:2 exclusions: reaper and 2 more exclusions
Depths:3 exclusion: door
Zot:1 exclusion: downstairs
Zot:3 exclusion: downstairs
Zot:5 exclusion: 2 upstairs

#.......####.##########
##.....................
#.....#####.##..######
########.########..# #
#≈≈≈≈≈≈≈.≈≈≈≈≈≈≈#..#
####
#≈≈≈≈≈.....≈≈≈≈≈#..#
#...
#≈≈....~~~....≈≈#.##
#.## #≈...~~~.~~~...≈#.#
#.## #≈..~~..@.~~~.....#
#.#
#≈...~~~.~~~...≈#.####.#
#≈≈....~~~....≈≈#......#
#≈≈≈≈≈.....≈≈≈≈≈#.######
#≈≈≈≈≈≈≈≈≈≈≈≈≈≈≈###
#################


There were no monsters in sight!


Message History

Unknown command.
Unknown command.
Unknown command.
The lorocyproca moves out of view. 😕 HP[+1] 😕 HP[+1]
Your resistance to elements expires. 😕 HP[+1] Unknown command. 😕 HP[+1]
There is a stone staircase leading up here. 😕 HP[+1]
You feel better. 😕 HP[+6]
You regained 6 hp, and now have 154/184 hp.
You feel better. 😕 HP[+9]
You regained 9 hp, and now have 163/184 hp.
You fly upwards.
Level annotation: 4 transporters
There is a stone staircase leading down here. 😕 HP[+1] Unknown command.
What level of the Dungeon? (default 14, ? - help)
There is an open door here.
There is a stone staircase leading up here.
You fly upwards.
Level annotation: 1 runed translucent door, baljet's ghost, journeyman TrFi
There is a stone staircase leading down here.
There is a stone staircase leading up here.
You fly upwards.
There is a stone staircase leading down here.
There is an open door here.
You see here a +0 dagger {short}.
There is a stone staircase leading up here.
You fly upwards.
There is a stone staircase leading down here.
There is a stone staircase leading up, spattered with blood here.
You fly upwards.
There is a stone staircase leading down, spattered with blood here.
Items here: )))).
There is a stone staircase leading up here.
You fly upwards.
There is a stone staircase leading down here.
A ynoxinul comes into view. 😎 HP[+20]
Your hp is fully restored (184).
You spin and attack the ynoxinul repeatedly.
You hit the ynoxinul. x3
The ynoxinul suddenly seems more resistant.
You closely miss the ynoxinul. The ynoxinul attacks as it pursues you!
The ynoxinul completely misses you.
There is a stone staircase leading up here.
Unknown command.
You closely miss the ynoxinul. x2
You puncture the ynoxinul! You burn the ynoxinul. You hit the ynoxinul.
You radiate an aura of cold.
The ynoxinul is unaffected.
You block the ynoxinul's attack.
You puncture the ynoxinul! You burn the ynoxinul.
You kill the ynoxinul!
The Council accepts your kill.
No target in view!
You fly upwards.
There is a stone staircase leading down here.
Unknown command.
What level of the Dungeon? (default 1, ? - help)
Things that are here:
a +0 leather armour; a +0 trident {polearm}; a +0 dagger {short}
Things that are here:
a +0 chain mail; a +0 dagger {short}
There is a stone staircase leading up here.
You fly upwards.
Level annotation: 1 runed translucent door, Crazy Yiuf; Maggie
There is a stone staircase leading down here.
There is a stone staircase leading up here.
You fly upwards.
Level annotation: 2 transporters, Gruesome's ghost, novice OpSh
There is a stone staircase leading down here.
An ice devil comes into view.
There is a stone staircase leading up here.
Unknown command.
You fly upwards.
There is a stone staircase leading down here.
Unknown command.
What level of the Dungeon? (default 1, ? - help)
You see here a +0 whip {mace}.
You see here a +0 whip {mace}.
There is a stone staircase leading up here.
You fly upwards.
Level annotation: 1 runed translucent door, exclusion: orc wizard, rocker's ghost, amateur DgGl
There is a stone staircase leading down here.
There is a stone staircase leading up here.
You fly upwards.
There is a stone staircase leading down here.
There is a stone staircase leading up here.
You fly upwards.
There is a stone staircase leading down here.
There is a staircase leading out of the dungeon here.
You have escaped!

Skill      XL: |  1  2  3  4  5  6  7  8  9 10 11 12 13 14 15 16 17 18 19 20 21 22 23 24 25 26 |
---------------+-------------------------------------------------------------------------------+-----
Ice Magic      | 1 2 |  2.0
Hexes          | 4 6 7 8 10 12 | 12.7
Stealth        | 6 8 12 14 16 18 20 21 23 24 25 27 | 27.0
Short Blades   | 2 6 8 9 10 14 | 14.0
Fighting       | 4 6 7 8 10 12 14 15 16 17 18 21 22 | 22.0
Dodging        | 4 6 7 8 12 14 16 18 19 20 22 23 26 | 26.7
Spellcasting   | 4 6 8 |  8.0
Armour         | 1 2 |  2.0
Evocations     | 8 10 12 | 12.0
Conjurations   | 2 3 |  3.0
Air Magic      | 2 3 |  3.0
Poison Magic   | 2 3 |  3.0
Shields        | 5 6 11 14 15 17 18 | 18.2
Translocations | 3 |  3.0

Action                     |  1- 3 |  4- 6 |  7- 9 | 10-12 | 13-15 | 16-18 | 19-21 | 22-24 | 25-27 || total
---------------------------+-------+-------+-------+-------+-------+-------+-------+-------+-------++-------
  Melee: Dagger            |    63 |    49 |   190 |   271 |   824 |   791 |       |       |       ||  2188
         Punch             |     1 |       |     1 |     2 |    13 |       |       |       |       ||    17
         Quick blade       |       |       |       |       |       |   722 |  1984 |  2303 |  1701 ||  6710
         Rapier            |       |       |       |       |       |       |       |   319 |   149 ||   468
   Cast: Ensorcelled Hiber |     8 |    22 |    62 |   110 |    24 |    53 |     4 |       |       ||   283
         Confusing Touch   |       |       |    14 |     5 |    12 |   113 |    59 |    39 |     7 ||   249
         Passwall          |       |       |     1 |     5 |     2 |       |       |     1 |       ||     9
         Mephitic Cloud    |       |       |       |     9 |    93 |    35 |    61 |    62 |     7 ||   267
         Summon Guardian G |       |       |       |       |       |     7 |     9 |     1 |       ||    17
         Apportation       |       |       |       |       |       |       |     2 |       |       ||     2
 Invoke: Serpent's Lash    |       |       |       |       |     1 |    11 |     3 |    18 |    13 ||    46
         Heavenly Storm    |       |       |       |       |       |     1 |     2 |     2 |     3 ||     8
Ability: Lunge             |       |       |     8 |    42 |    95 |   135 |   133 |   151 |    70 ||   634
         Whirlwind         |       |       |       |    11 |    30 |    43 |    78 |    77 |   195 ||   434
         Wall Jump         |       |       |       |       |       |     1 |     3 |     3 |     2 ||     9
  Evoke: Wand              |       |       |     2 |     4 |     5 |    10 |     5 |     2 |    21 ||    49
         Box of beasts     |       |       |       |     1 |     1 |     2 |     4 |     3 |     2 ||    13
         Lightning rod     |       |       |       |       |       |     9 |     1 |     8 |       ||    18
         Phial of floods   |       |       |       |       |       |     2 |     1 |     1 |     2 ||     6
    Use: Potion            |     1 |     1 |       |     5 |     2 |       |     1 |     4 |    42 ||    56
         Scroll            |       |     4 |     8 |     8 |     8 |    14 |    11 |    16 |    16 ||    85
   Stab: Sleeping          |    17 |    24 |    52 |    99 |    86 |   122 |   115 |    99 |    26 ||   640
         Invisible         |     1 |     1 |       |       |       |     7 |     1 |       |    20 ||    30
         Confused          |       |       |    10 |    13 |   104 |   145 |   134 |    97 |    39 ||   542
         Betrayed ally     |       |       |       |     1 |       |       |       |       |       ||     1
         Distracted        |       |       |       |       |     7 |    12 |    22 |    17 |    18 ||    76
         Paralysed         |       |       |       |       |       |       |       |     2 |     2 ||     4
         Petrifying        |       |       |       |       |       |       |       |     1 |     3 ||     4
 Armour: Robe              |    16 |    10 |    59 |     4 |       |       |       |       |       ||    89
         Steam dragon scal |       |       |       |    61 |    12 |       |       |       |       ||    73
         Animal skin       |       |       |       |       |    87 |   151 |   151 |   321 |   204 ||   914
  Dodge: Dodged            |    33 |    32 |   101 |   146 |   297 |   518 |   406 |   482 |   360 ||  2375
  Block: Other             |       |     5 |    24 |    40 |    64 |       |       |       |       ||   133
         Reflection        |       |       |     1 |     2 |     4 |    44 |    26 |    16 |     3 ||    96
         Buckler           |       |       |       |       |       |   372 |   216 |       |       ||   588
         Kite shield       |       |       |       |       |       |       |   181 |   977 |   550 ||  1708

Levels and vault maps discovered:
D:1:      dpeg_arrival_shrine, layout_loops_ring, nicolae_shop_unique_rings,
          serial_bayou_lagoon_a
D:2:      layout_rooms, hellmonk_ecumenical_altar_pennies_from_heaven
D:3:      layout_basic, ebering_ghost_inner_flame
D:4:      layout_basic, kennysheep_generic_room_8, uniq_blork_the_orc
D:5:      layout_cave_pods, nicolae_overflow_quartered_altars,
          serial_column_ruins, column_ruins_hut, column_ruins_open_small,
          column_ruins_grid_3, column_ruins_open_medium, column_ruins_open_tiny,
          column_ruins_open_small, column_ruins_corridor_straight,
          gammafunk_ghost_arena, serial_shops, nicolae_inconvenience_store
D:6:      layout_cave_pools, uniq_maggie, uniq_crazy_yiuf_cottage
D:7:      layout_rooms, lemuel_coloured_pillars_altar,
          minmay_temple_entry_arrows, patterned_corridor, uniq_menkaure
D:8:      minmay_bubble_buster, layout_cave_pools, minitemple, uniq_jeremiah
D:9:      layout_loops_corners, lemuel_tele_altar, due_unseen_surprise
D:10:     layout_loops_ring, mainiacjoe_overflow_boulevard, david_lair_shrubbed,
          david_orc_3, minivault_25_ag, uniq_lodul, uniq_maurice
D:11:     layout_roguey, minmay_fractal_squares_gapless_7
D:12:     layout_loops_cross, hellmonk_ghost_happy_afterlife, uniq_azrael
D:13:     layout_basic, hellmonk_vaults_keyhole, portal_ice_cave_demonic_guard,
          nicolae_transporter_intersection, uniq_josephine, uniq_snorg
D:14:     layout_basic, fedhas_altar_2
D:15:     hangedman_depths_entry_try_elsewhere_first, layout_irregular_city,
          serial_column_ruins, column_ruins_circle_medium, column_ruins_grid_1,
          column_ruins_columns_dead_end, column_ruins_columns_straight,
          hellmonk_sif_muna_bookshelves, uniq_rupert
Temple:   hc_temple_tempest_star
Lair:1:   layout_hall_layers, st_stairs_5, grunt_megastairs_3
Lair:2:   layout_cave_pods, mainiacjoe_swamp_entry_angry_trees,
          guppyfry_snake_entry_garden
Lair:3:   layout_gridlike, columned_hall_lemuel, hellmonk_guarded_unrand_zhor,
          grunt_megastairs_2
Lair:4:   layout_cave_pods, slime_entry_1, gammafunk_ghost_grave,
          chequers_serial_rivers_room_b, uniq_sonja
Lair:5:   evilmike_catoblepas_cave, layout_loops_ring, grunt_megastairs_5
Swamp:1:  layout_falls_marsh, evilmike_swamp_ruin_house_2, uniq_mlioglotl
Swamp:2:  layout_basic_swamp, hangedman_swamp_cone, swamp_pool_3,
          nicolae_swamp_tree_isthmus
Swamp:3:  layout_falls_marsh, evilmike_swamp_ruin_house_1
Swamp:4:  grunt_swamp_rune_castle, layout_basic_swamp
Snake:1:  layout_honeycomb, grunt_ministairs_15
Snake:2:  layout_cave_pods, grunt_megastairs_1, minmay_shoptagon
Snake:3:  layout_onion, serial_bayou_shore_a
Snake:4:  johnstein_snake_rune_scales, layout_layer_cave,
          nicolae_shop_i_like_small_books_too, minmay_shop_star, uniq_saint_roka
Orc:1:    layout_diamond_mine, basic_altar
Orc:2:    hellmonk_orc_salted, layout_diamond_mine, basic_altar,
          bh_open_orc_temple
Elf:1:    layout_geoelf_octagon, orc_legates, uniq_roxanne
Elf:2:    nicolae_elf_blades_crystal_corner, layout_gridlike, uniq_louise,
          uniq_agnes
Elf:3:    elf_hall_gauntlet_wide, layout_onion_city, serial_shops,
          bzr_entry_islet, nicolae_shop_gaudy_bauble, shop
Vaults:1: st_lines, nicolae_vaults_lightning_bolt, vaults_mumra_minichess,
          v_misc_19, vaults_room_door_ring, nicolae_vaults_trapezoid_layered,
          nicolae_vaults_hexular_roomagon, grunt_vaults_twisty,
          vaults_room_fours, nicolae_vaults_house_3,
          nicolae_vaults_network_quincunx
          [nicolae_vaults_network_quincunx_subvault,
          nicolae_vaults_network_quincunx_subvault,
          nicolae_vaults_network_quincunx_subvault,
          nicolae_vaults_network_quincunx_subvault,
          nicolae_vaults_network_quincunx_subvault], grunt_vaults_bifocal,
          nicolae_vaults_triangles, v_misc_2, vaults_dpeg_hooks,
          nicolae_vaults_specimen_jars, nicolae_vaults_shelves_hall,
          layout_vaults_omnibox, serial_shops, shop, shop,
          nicolae_shop_hallway_stairs, shop
Vaults:2: nicolae_vaults_little_squares_3, vaults_room_grid,
          vaults_mumra_chevron_long, v_misc_31,
          nicolae_vaults_twisting_passages, blue_anna_dwarven_crypt,
          hangedman_vaults_pinch, nicolae_vaults_hallways_thing,
          nicolae_vaults_trapezoid_2, vaults_mumra_hexcomb,
          nicolae_vaults_windows_and_doors_thing,
          nicolae_vaults_diagonal_hallway_9, layout_vaults_big_room
Vaults:3: hangedman_vaults_nails, hangedman_vaults_locks,
          nicolae_vaults_bisected_inception, vaults_room_stairs_pillars,
          v_pattern_2, v_alt_pattern_6, ontoclasm_vaults_pinch,
          hangedman_vaults_slice, hangedman_vaults_impose,
          ontoclasm_vaults_ring_square, nicolae_vaults_little_squares_5,
          vaults_standard_mumra_enter_the_diamond, sword_in_stone,
          vaults_dpeg_emergency_exit, layout_vaults_omnicross
Vaults:4: nicolae_vaults_heart-shaped_vault, nicolae_vaults_closet_pinwheel_6,
          hangedman_vaults_capsules, nicolae_vaults_security_offices_5,
          nicolae_vaults_mitosis, grunt_vaults_focal, vaults_room_pools,
          grunt_vaults_diagonal, nicolae_vaults_little_squares_6,
          nicolae_vaults_tetromino_Z_1, v_misc_26, layout_vaults_ring,
          uniq_boris
Vaults:5
Depths:1: layout_cave_shapes, hell_entry, rand_demon_pan_entry_3,
          kennysheep_minor_cross, serial_shops, nicolae_shop_waterfront,
          nicolae_shop_drivethru, shop, shop, nicolae_shop_crystal, drop_trap,
          kennysheep_pointless_box, kennysheep_generic_room_16
Depths:2: minmay_inner_zag, layout_basic, abyss_entry, pan_entry, hellmouth_1,
          zin_angel, minmay_fountain_box, hangedman_decor_lopped, uniq_josephina
Depths:3: kennysheep_water_balloons, layout_gridlike, enter_ziggurat_a,
          hell_entry, abyss_entry, infiniplex_enter_wizlab_water,
          gammafunk_ghost_ooze, lemuel_statue_altar
Depths:4: grunt_twist_and_shout, layout_gridlike, abyss_entry, elyvilon_altar_5,
          pf_dread_powers_of_hell, special_room [special_room_mythical_zoo],
          nicolae_kite_square_tiling_tiny
Zot:1:    minmay_elemental_castle, layout_cathedral_of_symmetry,
          regret_index_zotdec_decaying_vile, regret_index_zotdec_zees,
          grunt_ministairs_15, zot_minivault_2
Zot:2:    layout_basic, st_single_dragon_hoard_3, st_stairs_14
Zot:3:    layout_gridlike, skrybe_zot_glass_2, st_large_dragon_hoard_2
Zot:4:    kennysheep_spiral_hall, layout_cellular_growth, st_stairs_6,
          hangedman_zot_decor_slant
Zot:5:    layout_twisted_circle

Notes
Turn   | Place    | Note
-------+----------+-------------------------------------------
     0 | D:1      | MackTheKnife the Kobold Enchanter began the quest for the
                  | Orb.
     0 | D:1      | Reached XP level 1. HP: 10/10 MP: 3/3
     0 | D:1      | magus.rc [v1.9.6]
   164 | D:1      | Found Iripri's One-of-a-Kind Rings.
   176 | D:1      | Reached XP level 2. HP: 15/15 MP: 5/5
   179 | D:1      | Learned a level 2 spell: Ensorcelled Hibernation
   338 | D:1      | You add the spells Blink and Manifold Assault to your
                  | library.
   565 | D:1      | Reached XP level 3. HP: 13/19 MP: 6/6
   650 | D:1      | Reached skill level 1 in Ice Magic
  1300 | D:2      | Learned a level 3 spell: Confusing Touch
  1404 | D:2      | Reached XP level 4. HP: 24/24 MP: 4/7
  1608 | D:2      | Found a faded altar of an unknown god.
  1979 | D:3      | You pick up a book of Geomancy and begin reading...
  1979 | D:3      | You add the spells Sandblast, Passwall, Stone Arrow and
                  | Brom's Barrelling Boulder to your library.
  2199 | D:3      | Reached skill level 4 in Hexes
  2382 | D:3      | Reached skill level 2 in Ice Magic
  2963 | D:3      | Found a runed translucent door.
  2964 | D:3      | Noticed rocker's ghost (amateur DgGl)
  3291 | D:4      | Noticed Blork the orc
  3401 | D:4      | Reached XP level 5. HP: 28/28 MP: 8/8
  3558 | D:4      | Reached skill level 5 in Hexes
  3703 | D:4      | Noticed a black bear
  3709 | D:4      | Killed a black bear
  3710 | D:4      | Reached skill level 6 in Hexes
  3710 | D:4      | Reached XP level 6. HP: 30/32 MP: 2/9
  3777 | D:4      | Reached skill level 5 in Stealth
  3786 | D:4      | HP: 8/32 [orc/+0 war axe (9)]
  3924 | D:4      | Noticed a black bear
  3928 | D:4      | Killed a black bear
  3929 | D:4      | Reached skill level 6 in Stealth
  3929 | D:4      | Reached skill level 2 in Short Blades
  3929 | D:4      | Reached XP level 7. HP: 36/36 MP: 10/10
  3950 | D:4      | HP: 8/36 [gnoll/+0 halberd (5)]
  4261 | D:4      | Reached skill level 3 in Short Blades
  4658 | D:4      | Learned a level 2 spell: Passwall
  4667 | D:4      | Killed Blork the orc
  4668 | D:4      | Reached skill level 4 in Short Blades
  4703 | D:5      | Entered Level 5 of the Dungeon
  4878 | D:5      | Reached skill level 5 in Short Blades
  4973 | D:5      | Found a radiant altar of Vehumet.
  5063 | D:5      | Found a transporter.
  5069 | D:5      | Found a transporter.
  5069 | D:5      | Noticed Gruesome's ghost (novice OpSh)
  5135 | D:5      | Noticed a steam dragon
  5267 | D:5      | Reached skill level 6 in Short Blades
  5379 | D:5      | Found a glowing silver altar of Zin.
  5391 | D:5      | Found a white marble altar of Elyvilon.
  5399 | D:5      | Reached XP level 8. HP: 41/41 MP: 8/11
  5477 | D:5      | Found an ancient bone altar of Kikubaaqudgha.
  5480 | D:5      | Reached skill level 7 in Short Blades
  5705 | D:5      | Found Pyetar's Armour Boutique.
  5879 | D:5      | Reached skill level 8 in Short Blades
  5946 | D:5      | Reached skill level 2 in Fighting
  6341 | D:6      | Reached skill level 3 in Fighting
  6508 | D:6      | Reached skill level 3 in Dodging
  6562 | D:6      | Identified the +0 scale mail of Gucvog {Int+3 Dex+3}
  6580 | D:6      | Noticed a wyvern
  6584 | D:6      | Killed a wyvern
  6585 | D:6      | Reached skill level 4 in Fighting
  6585 | D:6      | Reached skill level 4 in Dodging
  6598 | D:6      | Reached XP level 9. HP: 52/52 MP: 12/12
  6599 | D:6      | Reached skill level 5 in Dodging
  6688 | D:6      | Reached skill level 6 in Dodging
  6772 | D:6      | Identified the +0 pair of boots "Vunie" {Harm Int+2 Stlth+}
  6883 | D:6      | Noticed Maggie
  7006 | D:6      | Found a runed translucent door.
  7009 | D:6      | Noticed Crazy Yiuf
  7252 | D:7      | Reached skill level 5 in Fighting
  7575 | D:7      | Reached skill level 6 in Fighting
  7827 | D:7      | Found an ornate altar of the Wu Jian Council.
  7837 | D:7      | Became a worshipper of the Wu Jian Council
  7930 | D:7      | Noticed Menkaure
  7937 | D:7      | Killed Menkaure
  7944 | D:7      | Found a staircase to the Ecumenical Temple.
  8037 | D:7      | Reached skill level 3 in Spellcasting
  8146 | D:7      | Reached skill level 7 in Stealth
  8346 | D:7      | magus.rc [v1.9.6]
  8538 | D:8      | Noticed Jeremiah
  8599 | Temple   | Entered the Ecumenical Temple
  8686 | D:8      | Found a snail-covered altar of Cheibriados.
  8689 | D:8      | Found a sacrificial altar of Ru.
  8695 | D:8      | Found a bloodstained altar of Trog.
  8805 | D:8      | Killed Jeremiah
  8806 | D:8      | Reached skill level 8 in Stealth
  8806 | D:8      | Reached skill level 4 in Spellcasting
  8806 | D:8      | Reached skill level 7 in Hexes
  8806 | D:8      | Reached XP level 10. HP: 60/60 MP: 12/16
  8883 | D:8      | Noticed a two-headed ogre
  8886 | D:8      | Killed a two-headed ogre
  8887 | D:8      | Reached skill level 8 in Hexes
  9131 | D:8      | Reached skill level 9 in Short Blades
  9131 | D:8      | Reached skill level 7 in Dodging
  9135 | D:8      | Reached * piety under Wu Jian
  9250 | D:8      | Reached skill level 7 in Fighting
  9431 | D:9      | You pick up a book of Fire and begin reading...
  9431 | D:9      | You add the spells Foxfire, Plasma Beam and Starburst to
                  | your library.
  9913 | D:9      | Reached skill level 1 in Armour
  9930 | D:9      | Reached XP level 11. HP: 61/67 MP: 2/17
 10322 | D:9      | Reached skill level 8 in Dodging
 10386 | D:9      | Reached skill level 2 in Armour
 10390 | D:9      | Reached skill level 10 in Short Blades
 10451 | D:9      | Reached skill level 8 in Fighting
 10452 | D:9      | Reached ** piety under Wu Jian
 10453 | D:9      | Reached skill level 1 in Evocations
 10455 | D:9      | Reached skill level 2 in Evocations
 10859 | D:9      | Found a stormy altar of Qazlal.
 10923 | D:10     | Entered Level 10 of the Dungeon
 10923 | D:10     | Noticed a two-headed ogre
 10968 | D:10     | Found a staircase to the Orcish Mines.
 11126 | D:9      | Reached skill level 3 in Evocations
 11179 | D:10     | Noticed Maurice
 11201 | D:10     | Killed Maurice
 11209 | D:10     | Reached skill level 4 in Evocations
 11360 | D:10     | Reached skill level 9 in Hexes
 11560 | D:9      | Reached skill level 5 in Evocations
 11647 | D:10     | Noticed Lodul
 11748 | D:10     | Noticed a two-headed ogre
 11851 | D:10     | Killed a two-headed ogre
 11896 | D:10     | Killed a two-headed ogre
 11897 | D:10     | Reached skill level 6 in Evocations
 12101 | D:10     | Killed Lodul
 12110 | D:10     | Reached skill level 10 in Hexes
 12171 | D:9      | Reached skill level 7 in Evocations
 12413 | D:10     | Found a sparkling altar of Nemelex Xobeh.
 12432 | D:10     | Identified a scroll of acquirement
 12434 | D:10     | Acquired the ring of Ashenzari's Wrath {rPois rC+ Int+4}
 12795 | D:10     | Found a staircase to the Lair.
 13128 | Lair:1   | Entered Level 1 of the Lair of Beasts
 13141 | Lair:1   | Reached skill level 8 in Evocations
 13141 | Lair:1   | Reached XP level 12. HP: 73/73 MP: 18/18
 13310 | Lair:1   | You pick up a book of Armaments and begin reading...
 13310 | Lair:1   | You add the spells Animate Armour and Lehudib's Crystal
                  | Spear to your library.
 13427 | Lair:1   | You pick up a book of Minor Magic and begin reading...
 13427 | Lair:1   | You add the spells Magic Dart, Call Imp and Mephitic Cloud
                  | to your library.
 13462 | Lair:1   | Learned a level 3 spell: Mephitic Cloud
 13475 | Lair:1   | Reached skill level 9 in Stealth
 13481 | Lair:1   | Reached skill level 9 in Fighting
 13552 | Lair:1   | Reached *** piety under Wu Jian
 13553 | Lair:1   | Reached skill level 10 in Stealth
 14020 | Lair:1   | Reached skill level 11 in Stealth
 14061 | Lair:1   | Reached skill level 10 in Fighting
 14617 | Lair:1   | Gained mutation: You possess an exceptional clarity of
                  | mind. [potion of mutation]
 14617 | Lair:1   | Gained mutation: Your flesh is heat resistant. (rF+)
                  | [potion of mutation]
 14698 | Lair:2   | Reached skill level 12 in Stealth
 14773 | Lair:2   | Reached skill level 1 in Conjurations
 14773 | Lair:2   | Reached skill level 1 in Air Magic
 14773 | Lair:2   | Reached skill level 1 in Poison Magic
 14992 | Lair:2   | Noticed a spriggan druid
 15021 | Lair:2   | Found a staircase to the Snake Pit.
 15809 | Lair:3   | Reached skill level 2 in Conjurations
 15812 | Lair:3   | Reached skill level 2 in Air Magic
 15812 | Lair:3   | Reached skill level 2 in Poison Magic
 15983 | Lair:3   | Reached XP level 13. HP: 82/82 MP: 19/19
 16110 | Lair:3   | Reached skill level 3 in Conjurations
 16110 | Lair:3   | Reached skill level 3 in Air Magic
 16110 | Lair:3   | Reached skill level 3 in Poison Magic
 16177 | Lair:3   | Reached skill level 5 in Spellcasting
 16180 | Lair:3   | Reached **** piety under Wu Jian
 16181 | Lair:3   | Noticed a five-headed hydra
 16189 | Lair:3   | Killed a five-headed hydra
 16190 | Lair:3   | Reached skill level 6 in Spellcasting
 16222 | Lair:3   | Reached skill level 9 in Evocations
 16281 | Lair:3   | Reached skill level 10 in Evocations
 16438 | Lair:3   | Noticed a four-headed hydra
 16441 | Lair:3   | Killed a four-headed hydra
 16477 | Lair:3   | Reached skill level 9 in Dodging
 16705 | Lair:3   | Reached skill level 10 in Dodging
 16723 | Lair:3   | Found the +4 skin of Zhor {*Englaciate rC+++ SInv}
 17016 | Lair:4   | Reached skill level 11 in Dodging
 17079 | Lair:4   | Found a viscous altar of Jiyva.
 17079 | Lair:4   | Found a staircase to the Slime Pits.
 17406 | Lair:4   | Found a runed translucent door.
 17407 | Lair:4   | Noticed kae's ghost (journeyman DsEn)
 17690 | Lair:4   | Noticed Sonja
 17693 | Lair:4   | Killed Sonja
 17694 | Lair:4   | Reached skill level 12 in Dodging
 17728 | Lair:4   | Noticed a four-headed hydra
 17734 | Lair:4   | Killed a four-headed hydra
 17735 | Lair:4   | Reached XP level 14. HP: 88/88 MP: 20/23
 17991 | Lair:4   | Reached ***** piety under Wu Jian
 18391 | Lair:5   | Entered Level 5 of the Lair of Beasts
 18501 | Lair:5   | Reached skill level 11 in Fighting
 18516 | Lair:5   | Reached skill level 13 in Dodging
 18990 | Lair:5   | Reached skill level 12 in Fighting
 19029 | Lair:5   | Reached skill level 14 in Dodging
 19231 | Lair:5   | Reached skill level 13 in Stealth
 19473 | Lair:5   | Reached skill level 14 in Stealth
 19917 | Orc:1    | Entered Level 1 of the Orcish Mines
 20201 | Orc:1    | Reached XP level 15. HP: 94/96 MP: 19/24
 20464 | Orc:1    | magus.rc [v1.9.6]
 20485 | Orc:2    | Entered Level 2 of the Orcish Mines
 20509 | Orc:2    | Reached skill level 15 in Stealth
 20949 | Orc:2    | Reached skill level 16 in Stealth
 21081 | Orc:2    | Reached ****** piety under Wu Jian
 21313 | Orc:2    | Noticed an orc warlord
 21322 | Orc:2    | Killed an orc warlord
 21402 | Orc:2    | Found Kidedy's Jewellery Shoppe.
 21402 | Orc:2    | Found Esikla's Weapon Shoppe.
 21661 | Orc:2    | Noticed an orc warlord
 21702 | Orc:2    | Killed an orc warlord
 21703 | Orc:2    | Reached skill level 13 in Fighting
 21703 | Orc:2    | Reached skill level 15 in Dodging
 22167 | Orc:2    | Found a staircase to the Elven Halls.
 22515 | Orc:2    | Found Xiam's Antique Armour Boutique.
 22547 | Orc:2    | Found Kyulav's Book Shoppe.
 22570 | Orc:2    | Bought the ring "Ihiet" {rF+ Will+ MP+9 SInv} for 744 gold
                  | pieces
 23176 | D:11     | You pick up a book of Scorching and begin reading...
 23176 | D:11     | You add the spells Scorch, Flame Wave and Summon Cactus
                  | Giant to your library.
 23991 | D:12     | Noticed baljet's ghost (journeyman TrFi)
 24210 | D:12     | Noticed Azrael
 24224 | D:12     | Killed Azrael
 24399 | D:12     | Found a runed translucent door.
 24538 | D:12     | Reached skill level 14 in Fighting
 24538 | D:12     | Reached skill level 16 in Dodging
 24668 | D:12     | Upgraded the game from 0.31-a0-1025-g2e47921a08 to
                  | 0.31-a0-1029-ge8c24b2130
 24668 | D:12     | magus.rc [v1.9.6]
 24738 | D:13     | Reached XP level 16. HP: 106/106 MP: 25/25
 24751 | D:13     | Found a frozen archway.
 24759 | IceCv    | Entered an ice cave
 24932 | IceCv    | Reached skill level 1 in Shields
 25250 | D:13     | magus.rc [v1.9.6]
 25260 | D:13     | Found a transporter.
 25311 | D:13     | Noticed Josephine
 25314 | D:13     | Killed Josephine
 25530 | D:13     | Found a transporter.
 25615 | D:13     | Noticed Snorg
 25618 | D:13     | Found a transporter.
 25619 | D:13     | Killed Snorg
 25620 | D:13     | Reached skill level 2 in Shields
 25897 | D:13     | Reached skill level 7 in Spellcasting
 25914 | D:13     | Identified the +1 leather armour "Notashoc" {rN+ Slay-3
                  | SInv}
 25964 | D:13     | Found a gate to the Vaults.
 26228 | D:13     | Found a transporter.
 26807 | D:14     | Reached skill level 3 in Shields
 26980 | D:14     | Found a blossoming altar of Fedhas.
 27075 | D:14     | You pick up a book of Dreams and begin reading...
 27075 | D:14     | You add the spells Jinxbite and Anguish to your library.
 27371 | D:15     | Entered Level 15 of the Dungeon
 27424 | D:15     | Reached skill level 11 in Hexes
 27692 | D:15     | Found a staircase to the Depths.
 27723 | D:15     | Reached skill level 4 in Shields
 27723 | D:15     | Reached skill level 8 in Spellcasting
 27930 | D:15     | You pick up a book of Callings and begin reading...
 27930 | D:15     | You add the spells Summon Small Mammal, Call Canine
                  | Familiar and Summon Guardian Golem to your library.
 27963 | D:15     | Noticed Rupert
 28223 | D:15     | Found a shimmering blue altar of Sif Muna.
 28309 | D:15     | You pick up a book of Cantrips and begin reading...
 28309 | D:15     | You add the spells Necrotise and Apportation to your
                  | library.
 29006 | Snake:1  | Entered Level 1 of the Snake Pit
 29041 | Lair:2   | Found a staircase to the Swamp.
 29131 | Snake:1  | Reached skill level 5 in Shields
 29309 | Snake:1  | Reached skill level 12 in Hexes
 29636 | Snake:1  | You pick up a book of Dreams and begin reading...
 29649 | Snake:1  | Reached XP level 17. HP: 111/111 MP: 29/29
 30514 | Snake:2  | You pick up a book of Cantrips and begin reading...
 30519 | Snake:2  | Learned a level 3 spell: Summon Guardian Golem
 31023 | Snake:2  | Reached skill level 11 in Evocations
 31144 | Snake:2  | Found Neepral's Assorted Antiques.
 31155 | Snake:2  | Bought a scroll of acquirement for 1872 gold pieces
 31155 | Snake:2  | Identified the "Umomm" (You acquired it on level 2 of the
                  | Snake Pit)
 31155 | Snake:2  | Acquired a +0 antimagic quick blade
 31163 | Snake:2  | You fall into a shaft and drop 1 floor!
 31179 | Snake:3  | Reached skill level 17 in Stealth
 31450 | Snake:2  | Found Uryjocw's Magic Scroll Shoppe.
 31455 | Snake:2  | Bought a scroll of identify for 30 gold pieces
 31455 | Snake:2  | Bought a scroll of identify for 30 gold pieces
 31455 | Snake:2  | Bought a scroll of blinking for 112 gold pieces
 31870 | Snake:2  | Reached skill level 17 in Dodging
 32302 | Snake:3  | Reached skill level 12 in Evocations
 32515 | Snake:2  | Reached skill level 18 in Stealth
 33680 | Snake:3  | Reached skill level 18 in Dodging
 33835 | Snake:4  | Entered Level 4 of the Snake Pit
 33863 | Snake:4  | Reached XP level 18. HP: 116/116 MP: 30/30
 34150 | Snake:4  | Found Bulin's Magic Scroll Shoppe.
 34150 | Snake:4  | Found Laanadd's General Store.
 34151 | Snake:4  | Found Imasaima's Assorted Antiques.
 34155 | Snake:4  | Bought a scroll of brand weapon for 161 gold pieces
 34368 | Snake:4  | Found Rolosh's Tiny Tomes.
 34500 | Snake:4  | Noticed Saint Roka
 34750 | Snake:4  | Reached skill level 11 in Short Blades
 34850 | Snake:4  | Killed Saint Roka
 35135 | Snake:4  | Reached skill level 12 in Short Blades
 35311 | Snake:4  | HP: 29/116 [poisoned by a nagaraja (poison arrow)]
 35316 | Snake:4  | HP: 25/116 [poisoned by a nagaraja (poison arrow)]
 35703 | Snake:4  | Reached skill level 13 in Short Blades
 36230 | Snake:4  | Noticed Vashnia
 36334 | Snake:4  | Reached skill level 14 in Short Blades
 36513 | Snake:4  | Reached skill level 19 in Stealth
 36676 | Snake:4  | Got a serpentine rune of Zot
 37361 | Swamp:1  | Entered Level 1 of the Swamp
 37468 | Swamp:1  | Noticed Mlioglotl
 37470 | Swamp:1  | Killed Mlioglotl
 38147 | Swamp:2  | Reached skill level 20 in Stealth
 38191 | Swamp:2  | Reached skill level 19 in Dodging
 38739 | Swamp:3  | Reached XP level 19. HP: 121/121 MP: 27/31
 39208 | Swamp:3  | You pick up a book of Hexes and begin reading...
 39208 | Swamp:3  | You add the spells Cause Fear and Enfeeble to your library.
 39217 | Swamp:3  | Learned a level 7 spell: Enfeeble
 39222 | Swamp:3  | Learned a level 4 spell: Cause Fear
 39400 | Swamp:4  | Entered Level 4 of the Swamp
 39618 | Swamp:4  | Reached skill level 21 in Stealth
 39752 | Swamp:4  | Reached skill level 20 in Dodging
 40131 | Swamp:4  | Noticed the 27-headed Lernaean hydra
 40139 | Swamp:4  | Learned a level 1 spell: Apportation
 40146 | Swamp:4  | Got a decaying rune of Zot
 40916 | Vaults:1 | Entered Level 1 of the Vaults
 40990 | Vaults:1 | Found Qexiut's Armour Emporium.
 41002 | Vaults:1 | Found Munweshru's Antique Armour Emporium.
 41129 | Vaults:1 | Paralysed by a formless jellyfish for 1 turns
 41142 | Vaults:1 | Reached skill level 15 in Fighting
 41167 | Vaults:1 | Reached skill level 6 in Shields
 41234 | Vaults:1 | Found Loud Jua's Weapon Shoppe.
 41302 | Vaults:1 | Noticed a golden dragon
 41303 | Vaults:1 | Killed a golden dragon
 41369 | Vaults:1 | Reached XP level 20. HP: 130/130 MP: 32/32
 41610 | Vaults:1 | Found Rewn's Book Shoppe.
 41803 | Vaults:1 | Reached skill level 7 in Shields
 42212 | Vaults:1 | Reached skill level 16 in Fighting
 42793 | Vaults:2 | Reached skill level 8 in Shields
 42991 | Vaults:2 | You fall into a shaft and drop 1 floor!
 43025 | Vaults:3 | Reached skill level 9 in Shields
 43156 | Vaults:3 | Noticed Asterion
 43208 | Vaults:3 | Reached skill level 10 in Shields
 43477 | Vaults:3 | Identified the +2 ring mail of Iwoenig {Rampage}
 43764 | Vaults:3 | Killed Asterion
 44171 | Vaults:2 | Reached skill level 11 in Shields
 44272 | Vaults:2 | Reached XP level 21. HP: 136/136 MP: 33/33
 45168 | Vaults:2 | Reached skill level 12 in Shields
 45209 | Vaults:2 | Found a staircase to the Crypt.
 45308 | Vaults:1 | Bought the +5 Storm Queen's Shield {shock, Fly rElec} for
                  | 820 gold pieces
 45308 | Vaults:1 | Found the +5 Storm Queen's Shield {shock, Fly rElec}
 46150 | Vaults:3 | Paralysed by a vampire knight for 4 turns
 47152 | Vaults:4 | Reached skill level 13 in Shields
 47529 | Vaults:4 | Noticed Boris
 48301 | Vaults:5 | Identified the "Cearph"
 48301 | Crypt:2  | Identified the of Azyustrux
 48301 | Crypt:2  | Identified the of Ydisaiga
 48301 | Depths:3 | Identified the "Ymiwualu"
 48301 | Elf:1    | Entered Level 1 of the Elven Halls
 48378 | Elf:1    | Reached skill level 14 in Shields
 48595 | Elf:1    | Identified the granite talisman of Proximity {rN++ Str+3
                  | Int+4 Stlth-}
 48595 | Elf:1    | Noticed Roxanne
 48866 | Elf:1    | You pick up a book of Unlife and begin reading...
 48866 | Elf:1    | You add the spells Animate Dead, Borgnjor's Vile Clutch and
                  | Death Channel to your library.
 48871 | Elf:1    | Learned a level 3 spell: Stone Arrow
 49063 | Elf:1    | Identified the amulet "Imafux" {RegenMP rPois rC+ Dex+2}
 49241 | Elf:1    | Found a runed translucent gate.
 49241 | Elf:1    | Found a runed translucent gate.
 49241 | Elf:1    | Found a runed translucent gate.
 49241 | Elf:1    | Found a runed translucent gate.
 49253 | Elf:1    | Found a runed translucent gate.
 49254 | Elf:1    | Found a runed translucent gate.
 49590 | Elf:2    | Reached XP level 22. HP: 142/142 MP: 34/34
 49684 | Elf:2    | Noticed Agnes
 49745 | Elf:2    | Killed Agnes
 49846 | Elf:2    | Noticed Louise
 49848 | Elf:2    | Killed Louise
 49868 | Elf:2    | Reached skill level 15 in Shields
 49959 | Elf:2    | Found a runed translucent gate.
 49960 | Elf:2    | Found a runed translucent gate.
 50392 | Elf:2    | Found a runed translucent gate.
 51033 | Elf:3    | Identified the of Xaotwuime
 51033 | Elf:3    | Identified the "Diestee"
 51033 | Elf:3    | Identified the of Yjoemur
 51033 | Elf:3    | Entered Level 3 of the Elven Halls
 51040 | Elf:3    | Found a flickering gateway to a bazaar.
 51052 | Elf:3    | Found Wuixzoe's Jewellery Shoppe.
 51068 | Bazaar   | Entered a bazaar
 51080 | Bazaar   | Found Tiruuclo's Magic Scroll Boutique.
 51089 | Bazaar   | Found Zovane's Magic Scroll Emporium.
 51095 | Bazaar   | Found Honk's General Store.
 51103 | Bazaar   | Found Feigush's Antique Armour Shop.
 51117 | Bazaar   | Bought a steaming helmet for 228 gold pieces
 51117 | Bazaar   | Identified the +0 helmet "Kiskyz" {rElec Dex+3} (You bought
                  | it in a shop in a bazaar)
 51145 | Bazaar   | Bought a scroll of blinking for 75 gold pieces
 51145 | Bazaar   | Bought a scroll of teleportation for 30 gold pieces
 51156 | Bazaar   | Bought a scroll of brand weapon for 142 gold pieces
 51156 | Bazaar   | Bought a scroll of teleportation for 45 gold pieces
 51156 | Bazaar   | Bought a scroll of butterflies for 60 gold pieces
 51265 | Elf:3    | Found Temnass's Jewellery Shop.
 51341 | Elf:3    | Reached skill level 22 in Stealth
 51687 | Elf:3    | Identified the +9 quarterstaff of Abomination {drain,
                  | +Blink rN+ Int+6}
 51726 | Elf:3    | You pick up a book of Spatial Translocations and begin
                  | reading...
 51726 | Elf:3    | You add the spells Momentum Strike and Lesser Beckoning to
                  | your library.
 52380 | Elf:3    | a deep elf elementalist comes into view. It is wielding the
                  | +8 arc blade {discharge, rElec}.
 52512 | Elf:3    | Identified the +5 shortbow "Appefut" {elec, rPois}
 52522 | Elf:3    | Identified the +2 leather armour "Keicwissugh" {Dex+5}
 52529 | Elf:3    | You add the spells Sigil of Binding, Teleport Other and
                  | Silence to your library.
 52537 | Elf:3    | You pick up a book of Ice and begin reading...
 52537 | Elf:3    | You add the spells Simulacrum, Ozocubu's Refrigeration and
                  | Polar Vortex to your library.
 52572 | Elf:3    | Identified the ring of Baibiurr {AC+4 Dex+2}
 52652 | Elf:3    | You pick up a book of Unlife and begin reading...
 52658 | Elf:3    | Identified the +1 pair of gloves of Free Will {Harm Rampage
                  | rPois}
 52662 | Elf:3    | You pick up a book of Alchemy and begin reading...
 52662 | Elf:3    | You add the spells Sublimation of Blood, Petrify and
                  | Irradiate to your library.
 53004 | D:15     | Reached skill level 23 in Stealth
 53037 | D:15     | Killed Rupert
 53107 | Depths:1 | Entered Level 1 of the Depths
 53109 | Depths:1 | Found Huxzugga's General Store.
 53122 | Depths:1 | Found Bust's Antique Armour Emporium.
 53184 | Depths:1 | Reached skill level 17 in Fighting
 53235 | Depths:1 | Reached XP level 23. HP: 149/149 MP: 35/35
 53289 | Depths:1 | Found Qemovij's Antique Armour Shoppe.
 53346 | Depths:1 | Reached skill level 21 in Dodging
 53369 | Depths:1 | Bought a pair of glowing boots for 322 gold pieces
 53602 | Depths:1 | Found Liakexot's Distillery.
 53660 | Depths:1 | Found a one-way gate leading to the halls of Pandemonium.
 53897 | Depths:1 | Found a transporter.
 53903 | Depths:1 | Found a gateway to Hell.
 53924 | Depths:1 | Found a transporter.
 53991 | Depths:1 | Reached skill level 24 in Stealth
 54151 | Depths:1 | Found Iwkaca Wirodd's Distillery.
 54418 | Orc:2    | Bought a manual of Shields for 1200 gold pieces
 54829 | Depths:2 | Found a one-way gate to the infinite horrors of the Abyss.
 55189 | Depths:2 | Identified the +5 robe of Ykuzxary {Harm rPois Dex-5}
 55432 | Depths:2 | Identified the blade talisman of a bazaar {Will+}
 55897 | Lair:4   | Killed kae's ghost
 56201 | Depths:2 | Found a glowing silver altar of Zin.
 56202 | Depths:2 | You are sucked into a shaft and drop 1 floor!
 56206 | Depths:3 | Found a magical portal.
 56212 | WizLab   | Entered Doroklohe's Tomb
 56563 | WizLab   | Reached skill level 18 in Fighting
 56724 | WizLab   | Identified the +1 leather armour "Kaku" {rF+ Str+2 Dex-3}
 56730 | WizLab   | Identified the +2 robe "Xakast" {rC+ Dex+2}
 57050 | WizLab   | Reached skill level 16 in Shields
 57091 | WizLab   | Identified the +4 chain mail of the Marlin {rN+++}
 57225 | Depths:3 | Reached skill level 22 in Dodging
 57279 | Depths:3 | Found a runed translucent gate.
 57279 | Depths:3 | Found a runed translucent gate.
 57280 | Depths:3 | Found a runed translucent gate.
 57282 | Depths:3 | Noticed Tulador's ghost (adept HOFi)
 57290 | Depths:3 | You pick up a book of the Spheres and begin reading...
 57290 | Depths:3 | You add the spells Iskenderun's Battlesphere, Fireball,
                  | Conjure Ball Lightning and Orb of Destruction to your
                  | library.
 57427 | Depths:3 | Reached skill level 17 in Shields
 57512 | Depths:3 | Reached XP level 24. HP: 157/157 MP: 35/35
 57850 | Depths:3 | You pick up a book of Armaments and begin reading...
 58210 | Depths:3 | Noticed a golden dragon
 58235 | Depths:3 | Killed a golden dragon
 58235 | Depths:3 | Identified +0 gold dragon scales
 58237 | Depths:3 | +0 gold dragon scales {rare}; a golden dragon corpse
 58343 | Depths:3 | Found a one-way gateway to a ziggurat.
 58367 | Depths:3 | Reached skill level 18 in Shields
 59052 | Depths:3 | Identified the +3 great sword of the Everdark {pain,
                  | Stlth+}
 59083 | Depths:3 | Noticed a caustic shrike
 59094 | Depths:3 | Noticed a dread lich
 59094 | Depths:3 | Killed a caustic shrike
 59365 | Depths:3 | Killed Tulador's ghost
 59500 | Depths:3 | HP: 33/159 [acid blob (34)]
 59941 | Depths:3 | Found a viscous altar of Jiyva.
 59988 | Depths:4 | Entered Level 4 of the Depths
 60070 | Depths:4 | Reached skill level 19 in Fighting
 60366 | Depths:4 | Found a gate to the Realm of Zot.
 60638 | Depths:4 | Reached skill level 20 in Fighting
 61395 | Depths:4 | Found a white marble altar of Elyvilon.
 61978 | Depths:3 | HP: 31/164 [bone dragon (22)]
 62677 | Vaults:4 | magus.rc [v1.9.6]
 62814 | Vaults:4 | You add the spells Sting, Poisonous Vapours and Olgreb's
                  | Toxic Radiance to your library.
 63106 | Vaults:5 | Entered Level 5 of the Vaults
 63127 | Vaults:5 | Reached skill level 21 in Fighting
 63128 | Vaults:5 | Reached XP level 25. HP: 98/162 MP: 35/35
 63184 | Vaults:5 | Noticed a dread lich
 63186 | Vaults:5 | +0 storm dragon scales {rare}; a storm dragon corpse
 63188 | Vaults:5 | +0 storm dragon scales {rare}; a storm dragon corpse
 63196 | Vaults:5 | Killed a dread lich
 63245 | Vaults:5 | You pick up a book of Armaments and begin reading...
 63364 | Vaults:5 | You pick up a book of Geomancy and begin reading...
 63383 | Vaults:5 | Learned a level 2 spell: Blink
 63488 | Vaults:5 | Reached skill level 1 in Translocations
 63544 | Vaults:5 | +0 storm dragon scales {rare}; a storm dragon corpse
 63561 | Vaults:5 | +0 storm dragon scales {rare}; a storm dragon corpse
 63578 | Vaults:5 | Reached skill level 2 in Translocations
 63744 | Vaults:5 | Reached skill level 22 in Fighting
 63843 | Vaults:5 | Got a silver rune of Zot
 63851 | Vaults:5 | Found the +3 giant club "Skullcrusher" {speed, Str+7}
 63858 | Vaults:5 | You add the spells Gell's Gravitas and Disjunction to your
                  | library.
 63907 | Vaults:5 | Reached skill level 3 in Translocations
 64107 | Vaults:5 | a +3 battleaxe of draining {axe}; a +0 plate armour; +0
                  | storm dragon scales {rare}
 64468 | Vaults:5 | Identified the +4 short sword of Plague {holy, rPois}
 64825 | Vaults:5 | Reached skill level 25 in Stealth
 65176 | Vaults:5 | Identified the +2 great sword of Collusion {freeze, Dex+2}
 65189 | Vaults:5 | Identified the +0 plate armour of Ludaq {rF+}
 65381 | Vaults:5 | Reached skill level 23 in Dodging
 66091 | Zot:1    | Identified the "Beveuk"
 66091 | Zot:1    | Entered Level 1 of the Realm of Zot
 66111 | Zot:2    | Noticed a curse toe
 66181 | Zot:1    | Noticed an orb of fire
 66187 | Zot:1    | Gained mutation: Your magical capacity is low. (-10% MP)
                  | [an orb of fire]
 66216 | Zot:1    | HP: 27/173 [orb of fire/bolt of fire (18)]
 66221 | Zot:1    | HP: 32/173 [orb of fire/bolt of fire (19)]
 66224 | Zot:1    | Killed an orb of fire
 66874 | Snake:2  | Bought a scroll of teleportation for 45 gold pieces
 66874 | Snake:2  | Bought a scroll of butterflies for 60 gold pieces
 66959 | Snake:4  | Bought a scroll of teleportation for 51 gold pieces
 66959 | Snake:4  | Bought a scroll of teleportation for 51 gold pieces
 66966 | Snake:4  | Reached XP level 26. HP: 179/179 MP: 31/31
 67509 | Zot:3    | Identified the of Rebaiw
 67515 | Zot:3    | Noticed an electric golem
 67519 | Zot:3    | Killed an electric golem
 67523 | Zot:4    | Identified the of Movio
 67560 | Zot:4    | Reached skill level 26 in Stealth
 67591 | Zot:5    | Entered Level 5 of the Realm of Zot
 67749 | Depths:1 | Bought a potion of invisibility for 136 gold pieces
 67749 | Depths:1 | Bought a potion of resistance for 170 gold pieces
 67749 | Depths:1 | Bought a potion of cancellation for 136 gold pieces
 67796 | Depths:1 | Bought a potion of heal wounds for 65 gold pieces
 67796 | Depths:1 | Bought a potion of curing for 39 gold pieces
 67796 | Depths:1 | Bought a potion of curing for 39 gold pieces
 67969 | Zot:4    | Identified the +6 scimitar of Lulyotach {spect, rN+}
 68074 | Zot:5    | Noticed a curse toe
 68083 | Zot:5    | Killed a curse toe
 68357 | Zot:5    | Reached skill level 24 in Dodging
 68363 | Zot:5    | quicksilver dragon scales {rare}; a quicksilver dragon
                  | corpse
 68363 | Zot:5    | V - quicksilver dragon scales {rare}
 68403 | Zot:5    | You finish putting on your quicksilver dragon scales
                  | {rare}.
 68546 | Zot:5    | You finish taking off your quicksilver dragon scales
                  | {rare}.
 68662 | Zot:5    | Noticed a dread lich
 68663 | Zot:5    | Killed a dread lich
 68664 | Zot:5    | Reached skill level 27 in Stealth
 68665 | Zot:5    | +0 shadow dragon scales {rare}; a potion of lignification
                  | {!q}; a shadow dragon corpse
 68824 | Zot:5    | Noticed an orb of fire
 68836 | Zot:5    | Noticed an orb of fire
 68836 | Zot:5    | Noticed an orb of fire
 68836 | Zot:5    | Noticed a dread lich
 68836 | Zot:5    | Killed an orb of fire
 68837 | Zot:5    | Killed an orb of fire
 68839 | Zot:5    | Killed an orb of fire
 68874 | Zot:5    | Noticed a dread lich
 68875 | Zot:5    | Noticed an orb of fire
 68875 | Zot:5    | Noticed an electric golem
 68875 | Zot:5    | Killed a dread lich
 68875 | Zot:5    | Noticed an ancient lich
 68876 | Zot:5    | Noticed a Killer Klown
 68876 | Zot:5    | Killed an orb of fire
 68876 | Zot:5    | Killed a dread lich
 68877 | Zot:5    | Reached skill level 25 in Dodging
 68902 | Zot:5    | Killed an ancient lich
 68903 | Zot:5    | Killed a Killer Klown
 68903 | Zot:5    | Killed an electric golem
 68911 | Zot:5    | Killed an ancient lich
 69321 | Zot:5    | Reached skill level 26 in Dodging
 69321 | Zot:5    | Reached XP level 27. HP: 118/184 MP: 31/31
 69347 | Zot:5    | HP: 45/184 [red draconian scorcher/damnation[a white
                  | draconian stormcaller] (49)]
 69617 | Zot:5    | Noticed an ancient lich
 69624 | Zot:5    | Noticed a Killer Klown
 69630 | Zot:5    | Noticed a Killer Klown
 69639 | Zot:5    | Killed a Killer Klown
 69647 | Zot:5    | Killed a Killer Klown
 69660 | Zot:5    | Noticed an orb of fire
 69685 | Zot:5    | Gained mutation: You occasionally lose the ability to drink
                  | potions when taking damage. [an orb of fire]
 69690 | Zot:5    | Killed an orb of fire
 69744 | Zot:5    | Lost mutation: Your flesh is heat resistant. (rF+) [potion
                  | of mutation]
 69744 | Zot:5    | Lost mutation: You possess an exceptional clarity of mind.
                  | [potion of mutation]
 69744 | Zot:5    | Lost mutation: You occasionally lose the ability to drink
                  | potions when taking damage. [potion of mutation]
 69744 | Zot:5    | Gained mutation: You expend magic power (3 MP) to
                  | strengthen your wands. [potion of mutation]
 69744 | Zot:5    | Gained mutation: Your spells are a little harder to cast,
                  | but a little more powerful. [potion of mutation]
 69745 | Zot:5    | Lost mutation: You expend magic power (3 MP) to strengthen
                  | your wands. [potion of mutation]
 69745 | Zot:5    | Lost mutation: Your magical capacity is low. (-10% MP)
                  | [potion of mutation]
 69745 | Zot:5    | Lost mutation: Your spells are a little harder to cast, but
                  | a little more powerful. [potion of mutation]
 69745 | Zot:5    | Gained mutation: You are weak. (Str -2) [potion of
                  | mutation]
 69746 | Zot:5    | Lost mutation: You are weak. (Str -2) [potion of mutation]
 69746 | Zot:5    | Gained mutation: You are strong-willed. (Will+) [potion of
                  | mutation]
 69746 | Zot:5    | Gained mutation: You are dopey. (Int -2) [potion of
                  | mutation]
 69746 | Zot:5    | Gained mutation: You are weak. (Str -2) [potion of
                  | mutation]
 69747 | Zot:5    | Lost mutation: You are weak. (Str -2) [potion of mutation]
 69747 | Zot:5    | Lost mutation: You are strong-willed. (Will+) [potion of
                  | mutation]
 69747 | Zot:5    | Lost mutation: You are dopey. (Int -2) [potion of mutation]
 69747 | Zot:5    | Gained mutation: You are vulnerable to cold. (rC-) [potion
                  | of mutation]
 69748 | Zot:5    | Lost mutation: You are vulnerable to cold. (rC-) [potion of
                  | mutation]
 69748 | Zot:5    | Gained mutation: You possess an exceptional clarity of
                  | mind. [potion of mutation]
 70019 | Zot:5    | Got the Orb of Zot
 70020 | Zot:5    | Noticed Ryazium the pandemonium lord
 70065 | Zot:5    | Noticed a Killer Klown
 70660 | D:$      | Escaped with the Orb!

Vanquished Creatures
  4 dread liches
  2 ancient liches (Zot:5)
  6 orbs of fire
  3 Killer Klowns (Zot:5)
  Saint Roka (Snake:4)
  A caustic shrike (Depths:3)
  A curse toe (Zot:5)
  4 golden dragons
  2 bone dragons (Depths:3)
  2 electric golems
  An Ice Fiend (WizLab)
  Rupert (D:15)
  23 Orb Guardians
  10 tentacled monstrosities
  2 liches
  Mlioglotl (Swamp:1)
  2 quicksilver dragons
  Asterion (Vaults:3)
  8 sphinxes
  2 acid blobs (Depths:3)
  2 deep elf blademasters (Elf:3)
  2 deep elf master archers (Elf:3)
  An ancient champion (Vaults:3)
  4 titans
  Agnes (Elf:2)
  2 shadow dragons
  9 storm dragons
  The ghost of Tulador the Executioner, an adept HOFi of Beogh (Depths:3)
  5 tengu reavers
  A draconian monk (Zot:4)
  2 azure jellies (Depths:3)
  5 fire giants
  5 nagarajas
  6 frost giants
  2 draconian knights
  A balrug (Depths:4)
  15 vault wardens
  2 deep elf elementalists (Elf:3)
  Louise (Elf:2)
  4 deep elf sorcerers
  5 draconian shifters
  2 orc warlords (Orc:2)
  A draconian scorcher (Zot:1)
  A ghost moth (Zot:5)
  3 draconian stormcallers
  2 draconian annihilators
  A quicksilver ooze (Depths:3)
  22 ironbound preservers
  10 stone giants
  2 war gargoyles (Vaults:5)
  10 ironbound thunderhulks
  3 reapers
  28 very ugly things
  2 formless jellyfish
  2 green draconians
  2 vampire knights
  4 bunyips
  4 deep elf demonologists
  Azrael (D:12)
  4 black draconians
  3 lorocyprocas
  6 yellow draconians
  7 purple draconians
  The ghost of kae the Slicer, a journeyman DsEn of Dithmenos (Lair:4)
  4 deep elf annihilators
  9 dire elephants
  5 white draconians
  A spark wasp (shapeshifter) (Vaults:5)
  3 eleionomae
  Snorg (D:13)
  A blizzard demon (WizLab)
  7 red draconians
  8 deep elf death magi
  4 ettins
  2 crystal guardians
  Josephine (D:13)
  A merfolk impaler (Depths:1)
  A merfolk javelineer (Depths:3)
  2 shambling mangroves (Swamp:4)
  9 yaktaur captains
  4 deep elf high priests
  9 fire dragons
  8 great orbs of eyes
  A green death (Depths:1)
  2 peacekeepers
  29 hydras
  25 vault guards
  3 catoblepae (Lair:5)
  13 ice dragons
  2 rakshasas
  8 spriggan air magi
  11 ironbound frosthearts
  3 salamander tyrants
  3 ghost crabs
  3 ogre magi
  16 two-headed ogres
  A satyr (shapeshifter) (Depths:3)
  30 dancing weapons
  4 alligators
  5 boulder beetles
  2 death knights (Vaults:2)
  9 deep troll shamans
  14 naga warriors
  9 anacondas
  9 centaur warriors
  10 death yaks (Lair:5)
  8 hell knights
  7 deep troll earth magi
  15 naga sharpshooters
  2 soul eaters
  4 tengu warriors
  5 orc high priests
  2 vampire magi (Depths:1)
  Sonja (Lair:4)
  9 spriggan berserkers
  10 shock serpents
  17 deep elf knights
  8 spriggans
  7 iron trolls
  4 sun demons
  A shadow wraith (Vaults:2)
  A skyshark (Lair:5)
  A goliath frog (Swamp:2)
  A goliath frog (shapeshifter) (Depths:3)
  An orb spider (shapeshifter) (Vaults:5)
  7 salamander mystics
  Lodul (D:10)
  42 deep trolls
  5 spriggan druids
  3 sea snakes (Snake:3)
  A deep troll (shapeshifter) (Elf:3)
  11 bog bodies
  A swamp dragon (shapeshifter) (Vaults:5)
  3 flayed ghosts
  8 naga ritualists
  9 swamp dragons
  A shadow demon (Depths:1)
  5 glowing orange brains
  9 lindwurms
  A glowing orange brain (shapeshifter) (Depths:2)
  6 arcanists
  8 deep elf archers
  16 ironbound convokers
  A phantasmal warrior (Vaults:5)
  5 harpies
  16 deep elf pyromancers
  11 orc knights
  5 orc sorcerers
  A mana viper (shapeshifter) (Depths:3)
  18 deep elf zephyrmancers
  8 mana vipers
  32 ugly things
  4 will-o-the-wisps
  13 manticores
  26 salamanders
  8 cyclopes
  9 moths of wrath
  11 elephants
  An ice statue (IceCv)
  33 black mambas
  8 guardian serpents
  16 vault sentinels
  19 naga magi
  A smoke demon (WizLab)
  Maurice (D:10)
  4 gargoyles
  4 eyes of devastation (Depths:3)
  13 cane toads
  Jeremiah (D:8)
  A torpor snail (Lair:3)
  11 rime drakes
  4 ice devils
  A kobold demonologist (D:11)
  2 tormentors (WizLab)
  7 komodo dragons
  24 yaktaurs
  A tengu conjurer (Depths:2)
  2 freezing wraiths
  7 trolls
  A polar bear (Lair:2)
  7 tyrant leeches
  A bloated husk (Swamp:1)
  3 meliai (D:15)
  12 blink frogs
  15 hornets
  A tarantella (shapeshifter) (Elf:2)
  8 saltlings (Orc:2)
  2 ynoxinuls
  31 slime creatures
  A culicivora (shapeshifter) (D:13)
  3 air elementals
  9 wyverns
  6 fire elementals
  2 humans (D:13)
  6 water elementals
  3 wraiths (D:13)
  A shadow (D:11)
  62 yaks
  A steam dragon (shapeshifter) (D:15)
  4 fire bats (Depths:2)
  3 steam dragons
  2 basilisks
  2 neqoxecs (WizLab)
  12 vampire mosquitoes
  Menkaure (D:7)
  11 swamp worms
  39 nagas
  2 acid dragons
  2 wargs (Orc:2)
  7 hell hounds
  25 water moccasins
  7 swamp drakes (Swamp:4)
  A sky beast (D:8)
  31 orc warriors
  5 black bears
  2 ice beasts
  19 ogres
  4 boggarts (Vaults:1)
  5 wolves (Lair:1)
  4 centaurs
  A phantom (D:5)
  Blork the orc (D:4)
  6 kobold brigands
  16 bullfrogs
  4 earth elementals
  A gnoll sergeant (D:10)
  3 scorpions
  A scorpion (shapeshifter) (Vaults:5)
  7 wights
  10 killer bees
  3 lindwurm simulacra (IceCv)
  An electric eel (Snake:3)
  6 howler monkeys
  7 komodo dragon simulacra (IceCv)
  10 orc priests
  2 hounds
  4 jellies
  A gnoll bouda (D:8)
  5 iguanas
  17 orc wizards
  7 gnolls
  4 acid dragon simulacra (IceCv)
  6 adders
  A shadow imp (D:6)
  6 ufetubi
  7 steam dragon simulacra (IceCv)
  2 worms (D:3)
  A dart slug (D:1)
  90 orcs
  2 bats (D:1)
  9 endoplasms
  2 giant cockroaches
  7 goblins
  5 hobgoblins
  3 jackals (D:2)
  28 kobolds
  A quokka (D:3)
  8 ball pythons
  2 frilled lizards (D:3)
  3 rats
1799 creatures vanquished.

Vanquished Creatures (collateral kills)
  A titan (Vaults:5)
  A tengu reaver (Vaults:5)
  A draconian scorcher (Zot:5)
  A war gargoyle (Vaults:5)
  A deep elf annihilator (Vaults:5)
  A yaktaur captain (Vaults:1)
  3 vault guards (Vaults:5)
  A dancing weapon (Elf:2)
  A soul eater (WizLab)
  A rime drake (shapeshifter) (Vaults:5)
  A naga (Snake:3)
  A wolf (Lair:1)
14 creatures vanquished.

Vanquished Creatures (others)
  An azure jelly (Depths:3)
  A draconian shifter (Zot:5)
  An ettin (Vaults:5)
  A great orb of eyes (Depths:3)
  A vault guard (Vaults:5)
  An alligator (Swamp:1)
  A deep elf knight (Elf:1)
  An ironbound convoker (Vaults:5)
  2 mana vipers
  2 deep elf pyromancers
  A black mamba (Snake:4)
  3 bloated husks (Swamp:1)
  2 vampire mosquitoes (Swamp:1)
  An orc warrior (Elf:1)
  An orc (Elf:1)
  4 foxfires (Swamp:1)
24 creatures vanquished.

Grand Total: 1837 creatures vanquished

Table legend:
 A = Non-vault XP
 B = Vault XP
 C = Vault XP percentage of total XP
 D = Non-vault monster count
 E = Vault monster count
 F = Vault count percentage of total count
                 A         B        C        D         E       F
            +---------+---------+-------+---------+---------+-------
      Total |  533142 |  549629 |  50.8 |    1132 |     689 |  37.8
            +---------+---------+-------+---------+---------+-------
        D:1 |      36 |       0 |   0.0 |      20 |       0 |   0.0
        D:2 |      40 |       0 |   0.0 |      10 |       0 |   0.0
        D:3 |      24 |       0 |   0.0 |      12 |       0 |   0.0
        D:4 |     421 |     232 |  35.5 |      23 |       3 |  11.5
        D:5 |     744 |       0 |   0.0 |      18 |       0 |   0.0
        D:6 |     835 |       0 |   0.0 |      19 |       0 |   0.0
        D:7 |    1076 |     172 |  13.8 |      29 |       1 |   3.3
        D:8 |    1592 |    1090 |  40.6 |      18 |      10 |  35.7
        D:9 |    3431 |     622 |  15.3 |      34 |       6 |  15.0
       D:10 |    3271 |    2215 |  40.4 |      23 |      11 |  32.4
       D:11 |    1816 |    2731 |  60.1 |      15 |       5 |  25.0
       D:12 |    6675 |    1594 |  19.3 |      22 |       5 |  18.5
       D:13 |    4410 |    5523 |  55.6 |      15 |      12 |  44.4
       D:14 |    5334 |       0 |   0.0 |      10 |       0 |   0.0
       D:15 |   15227 |    3948 |  20.6 |      28 |       4 |  12.5
     Lair:1 |    7458 |     882 |  10.6 |      39 |       5 |  11.4
     Lair:2 |    1384 |    1990 |  59.0 |       5 |       5 |  50.0
     Lair:3 |   12135 |    2919 |  19.4 |      39 |       9 |  18.8
     Lair:4 |   10444 |    1778 |  14.5 |      32 |       2 |   5.9
     Lair:5 |    8398 |   10733 |  56.1 |      20 |      24 |  54.5
    Swamp:1 |    4394 |    1764 |  28.6 |       9 |       1 |  10.0
    Swamp:2 |    7087 |       0 |   0.0 |      14 |       0 |   0.0
    Swamp:3 |   13154 |    2786 |  17.5 |      21 |       4 |  16.0
    Swamp:4 |   13222 |   16936 |  56.2 |      26 |      28 |  51.9
    Snake:1 |   15723 |    1894 |  10.8 |      31 |       4 |  11.4
    Snake:2 |   16859 |    1115 |   6.2 |      30 |       2 |   6.2
    Snake:3 |   28735 |       0 |   0.0 |      58 |       0 |   0.0
    Snake:4 |   17348 |   31342 |  64.4 |      33 |      56 |  62.9
      Orc:1 |    3283 |       0 |   0.0 |      32 |       0 |   0.0
      Orc:2 |    5736 |   15093 |  72.5 |      39 |      38 |  49.4
      Elf:1 |    8386 |   12115 |  59.1 |      15 |      30 |  66.7
      Elf:2 |   11710 |   27756 |  70.3 |      20 |      35 |  63.6
      Elf:3 |   17399 |   23306 |  57.3 |      30 |      21 |  41.2
   Vaults:1 |   22736 |   25360 |  52.7 |      33 |      38 |  53.5
   Vaults:2 |   16961 |   24143 |  58.7 |      31 |      32 |  50.8
   Vaults:3 |   15805 |   24046 |  60.3 |      18 |      30 |  62.5
   Vaults:4 |   23592 |   19914 |  45.8 |      29 |      24 |  45.3
   Vaults:5 |   17201 |   95631 |  84.8 |      20 |      86 |  81.1
   Depths:1 |   36451 |    4384 |  10.7 |      42 |       6 |  12.5
   Depths:2 |   32274 |    4061 |  11.2 |      44 |       5 |  10.2
   Depths:3 |   47278 |   23344 |  33.1 |      56 |      18 |  24.3
   Depths:4 |   22815 |   29609 |  56.5 |      25 |      35 |  58.3
      Zot:1 |     972 |   18595 |  95.0 |       1 |      13 |  92.9
      Zot:3 |    2384 |       0 |   0.0 |       2 |       0 |   0.0
      Zot:4 |    7832 |       0 |   0.0 |       6 |       0 |   0.0
      Zot:5 |   39054 |   92549 |  70.3 |      36 |      35 |  49.3
      IceCv |       0 |    3583 | 100.0 |       0 |      27 | 100.0
     WizLab |       0 |   13874 | 100.0 |       0 |      19 | 100.0
            +---------+---------+-------+---------+---------+-------

Skill      XL: |  1  2  3  4  5  6  7  8  9 10 11 12 13 14 15 16 17 18 19 20 21 22 23 24 25 26 |
---------------+-------------------------------------------------------------------------------+-----
Ice Magic      | 1 2 |  2.0
Hexes          | 4 6 7 8 10 12 | 12.7
Stealth        | 6 8 12 14 16 18 20 21 23 24 25 27 | 27.0
Short Blades   | 2 6 8 9 10 14 | 14.0
Fighting       | 4 6 7 8 10 12 14 15 16 17 18 21 22 | 22.0
Dodging        | 4 6 7 8 12 14 16 18 19 20 22 23 26 | 26.7
Spellcasting   | 4 6 8 |  8.0
Armour         | 1 2 |  2.0
Evocations     | 8 10 12 | 12.0
Conjurations   | 2 3 |  3.0
Air Magic      | 2 3 |  3.0
Poison Magic   | 2 3 |  3.0
Shields        | 5 6 11 14 15 17 18 | 18.2
Translocations | 3 |  3.0

Action                     |  1- 3 |  4- 6 |  7- 9 | 10-12 | 13-15 | 16-18 | 19-21 | 22-24 | 25-27 || total
---------------------------+-------+-------+-------+-------+-------+-------+-------+-------+-------++-------
  Melee: Dagger            |    63 |    49 |   190 |   271 |   824 |   791 |       |       |       ||  2188
         Punch             |     1 |       |     1 |     2 |    13 |       |       |       |       ||    17
         Quick blade       |       |       |       |       |       |   722 |  1984 |  2303 |  1701 ||  6710
         Rapier            |       |       |       |       |       |       |       |   319 |   149 ||   468
   Cast: Ensorcelled Hiber |     8 |    22 |    62 |   110 |    24 |    53 |     4 |       |       ||   283
         Confusing Touch   |       |       |    14 |     5 |    12 |   113 |    59 |    39 |     7 ||   249
         Passwall          |       |       |     1 |     5 |     2 |       |       |     1 |       ||     9
         Mephitic Cloud    |       |       |       |     9 |    93 |    35 |    61 |    62 |     7 ||   267
         Summon Guardian G |       |       |       |       |       |     7 |     9 |     1 |       ||    17
         Apportation       |       |       |       |       |       |       |     2 |       |       ||     2
 Invoke: Serpent's Lash    |       |       |       |       |     1 |    11 |     3 |    18 |    13 ||    46
         Heavenly Storm    |       |       |       |       |       |     1 |     2 |     2 |     3 ||     8
Ability: Lunge             |       |       |     8 |    42 |    95 |   135 |   133 |   151 |    70 ||   634
         Whirlwind         |       |       |       |    11 |    30 |    43 |    78 |    77 |   195 ||   434
         Wall Jump         |       |       |       |       |       |     1 |     3 |     3 |     2 ||     9
  Evoke: Wand              |       |       |     2 |     4 |     5 |    10 |     5 |     2 |    21 ||    49
         Box of beasts     |       |       |       |     1 |     1 |     2 |     4 |     3 |     2 ||    13
         Lightning rod     |       |       |       |       |       |     9 |     1 |     8 |       ||    18
         Phial of floods   |       |       |       |       |       |     2 |     1 |     1 |     2 ||     6
    Use: Potion            |     1 |     1 |       |     5 |     2 |       |     1 |     4 |    42 ||    56
         Scroll            |       |     4 |     8 |     8 |     8 |    14 |    11 |    16 |    16 ||    85
   Stab: Sleeping          |    17 |    24 |    52 |    99 |    86 |   122 |   115 |    99 |    26 ||   640
         Invisible         |     1 |     1 |       |       |       |     7 |     1 |       |    20 ||    30
         Confused          |       |       |    10 |    13 |   104 |   145 |   134 |    97 |    39 ||   542
         Betrayed ally     |       |       |       |     1 |       |       |       |       |       ||     1
         Distracted        |       |       |       |       |     7 |    12 |    22 |    17 |    18 ||    76
         Paralysed         |       |       |       |       |       |       |       |     2 |     2 ||     4
         Petrifying        |       |       |       |       |       |       |       |     1 |     3 ||     4
 Armour: Robe              |    16 |    10 |    59 |     4 |       |       |       |       |       ||    89
         Steam dragon scal |       |       |       |    61 |    12 |       |       |       |       ||    73
         Animal skin       |       |       |       |       |    87 |   151 |   151 |   321 |   204 ||   914
  Dodge: Dodged            |    33 |    32 |   101 |   146 |   297 |   518 |   406 |   482 |   360 ||  2375
  Block: Other             |       |     5 |    24 |    40 |    64 |       |       |       |       ||   133
         Reflection        |       |       |     1 |     2 |     4 |    44 |    26 |    16 |     3 ||    96
         Buckler           |       |       |       |       |       |   372 |   216 |       |       ||   588
         Kite shield       |       |       |       |       |       |       |   181 |   977 |   550 ||  1708

Illustrated notes

Table legend:
 A = Kills in this place as a percentage of kills in the entire game.
 B = Kills by you in this place as a percentage of kills by you in the entire game.
 C = Kills by friends in this place as a percentage of kills by friends in the entire game.
 D = Other kills in this place as a percentage of other kills in the entire game.
 E = Experience gained in this place as a percentage of experience gained in the entire game.
 F = Experience gained in this place divided by the number of levels of this place that you have seen.
                   A       B       C       D       E      F
               +-------+-------+-------+-------+-------+----------------------
         Total | 100.0 | 100.0 | 100.0 | 100.0 | 100.0 | 21331.9
       Dungeon |  19.4 |  20.0 |   0.0 |   2.1 |   5.8 | 4217.6
          Lair |   9.9 |   9.8 |   7.1 |  12.5 |   5.3 | 11624.2
         Swamp |   5.6 |   5.7 |   0.0 |   6.2 |   5.5 | 14835.8
     Snake Pit |  11.7 |  11.6 |   7.1 |  16.7 |  10.4 | 28254.0
  Orcish Mines |   6.0 |   6.0 |   0.0 |   6.2 |   2.2 | 12056.0
   Elven Halls |   8.3 |   8.2 |   7.1 |  12.5 |   9.3 | 33557.3
        Vaults |  18.7 |  18.2 |  64.3 |  22.9 |  26.2 | 57077.8
        Depths |  12.8 |  12.9 |   0.0 |  14.6 |  18.6 | 50590.5
           Zot |   5.2 |   5.3 |   7.1 |   2.1 |  15.1 | 32838.4
      Ice Cave |   1.5 |   1.5 |   0.0 |   2.1 |   0.3 | 3583.0
        Wizlab |   1.0 |   1.0 |   7.1 |   2.1 |   1.3 | 13874.0
               +-------+-------+-------+-------+-------+----------------------

Table legend: (Time is in decaauts)
 A = Elapsed time spent in this place.
 B = Non-inter-level travel time spent in this place.
 C = Inter-level travel time spent in this place.
 D = Time resting spent in this place.
 E = Time spent auto-exploring this place.
 F = Levels seen in this place.
 G = Mean time per level.
                   A        B        C        D        E       F      G
               +--------+--------+--------+--------+--------+-----+--------+
         Total |  69061 |  62262 |   6799 |  11258 |  36714 |  51 | 1354.1 |
       Dungeon |  20667 |  17839 |   2828 |   2238 |  12753 |  15 | 1377.8 |
        Temple |      1 |      1 |      0 |      0 |      0 |   1 |    1.0 |
          Lair |   7348 |   6632 |    716 |    776 |   4918 |   5 | 1469.6 |
         Swamp |   3340 |   3154 |    186 |    409 |   2042 |   4 |  835.0 |
     Snake Pit |   8261 |   7735 |    526 |   1928 |   4096 |   4 | 2065.2 |
  Orcish Mines |   2674 |   2272 |    402 |    326 |   1475 |   2 | 1337.0 |
   Elven Halls |   4267 |   4122 |    145 |    511 |   2425 |   3 | 1422.3 |
        Vaults |  10200 |   9482 |    718 |   1780 |   4973 |   5 | 2040.0 |
        Depths |   8122 |   7044 |   1078 |   1797 |   3542 |   4 | 2030.5 |
           Zot |   2638 |   2441 |    197 |    953 |    227 |   5 |  527.6 |
        Bazaar |    117 |    117 |      0 |      0 |     39 |   1 |  117.0 |
      Ice Cave |    458 |    458 |      0 |     77 |    130 |   1 |  458.0 |
        Wizlab |    963 |    963 |      0 |    462 |     93 |   1 |  963.0 |
               +--------+--------+--------+--------+--------+-----+--------+

Top non-repeatable levels by time:
 Snake:4: 3331 daAuts
Vaults:5: 2564 daAuts
Vaults:3: 2477 daAuts
     D:9: 2450 daAuts
Depths:3: 2339 daAuts
Depths:4: 2214 daAuts
   Orc:2: 2085 daAuts
Depths:2: 2021 daAuts
   Zot:5: 1962 daAuts
 Snake:2: 1874 daAuts
Vaults:1: 1859 daAuts
    D:10: 1794 daAuts
    D:15: 1724 daAuts
  Lair:1: 1672 daAuts
Vaults:4: 1658 daAuts
